 Dungeon Crawl Stone Soup version 0.18.1-50-g88ac8fd (webtiles) character file.

844 Moofe the Poker (level 8, -6/61 HPs)
             Began as a Merfolk Gladiator on Oct 20, 2016.
             Mangled by Prince Ribbit (14 damage)
             ... on level 5 of the Dungeon.
             The game lasted 00:15:30 (4442 turns).

Moofe the Poker (Merfolk Gladiator)                 Turns: 4442, Time: 00:15:30

Health: -6/61      AC:  5    Str: 15    XL:     8   Next: 0%
Magic:  8/8        EV: 17    Int:  9    God:
Gold:   227        SH:  0    Dex: 18    Spells: 0 memorised, 7 levels left

rFire  . . .     SeeInvis .     a - +0 trident
rCold  . . .     Gourm    .     b - +0 leather armour
rNeg   . . .     Faith    .     (no shield)
rPois  .         Spirit   .     c - +0 helmet
rElec  .         Dismiss  .     (no cloak)
rCorr  .         Reflect  .     (no gloves)
SustAt .         Harm     .     l - +0 pair of boots
MR     .....                    (no amulet)
Stlth  ++........               (no ring)
                                o - +3 ring of dexterity

@: not resistant to hostile enchantments, unstealthy
A: change form in water, swift swim
a: no special abilities


You were on level 5 of the Dungeon.
You were hungry.

You visited 1 branch of the dungeon, and saw 5 of its levels.

You collected 227 gold pieces.

Inventory:

Hand Weapons
 a - a +0 trident (weapon)
Armour
 b - a +0 leather armour (worn)
 c - a +0 helmet (worn)
 l - a +0 pair of boots (worn)
Jewellery
 o - a +3 ring of dexterity (left hand)
Scrolls
 e - 3 scrolls of remove curse
 m - 3 scrolls of teleportation
 n - 2 scrolls of identify
 r - a scroll of enchant armour {unknown}
 t - a scroll of amnesia
 u - a scroll of enchant weapon {unknown}
 v - a scroll of blinking {unknown}
 x - 3 scrolls of fear {unknown}
Potions
 d - a potion of heal wounds {unknown}
 g - a potion of brilliance
 i - 8 potions of curing
 p - 2 potions of lignification {unknown}
 q - a potion of agility
 w - a potion of might
 z - a potion of flight {unknown}
Comestibles
 f - 2 bread rations
 h - 2 fruits
 j - a slice of pizza
 k - a beef jerky
 s - 3 meat rations


   Skills:
 + Level 4.4 Fighting
 * Level 7.9 Polearms
 + Level 3.6 Throwing
 * Level 7.5 Dodging
 + Level 3.1 Stealth


You had 7 spell levels left.
You didn't know any spells.

Dungeon Overview and Level Annotations

Branches:
Dungeon (5/15)
 Temple: D:4-7

Altars:
Gozag
Okawaru
Ru
Trog

Shops:
D:4 (

Annotations:
D:5 Prince Ribbit


Message History

Prince Ribbit blinks!
Prince Ribbit hits you!
You hit Prince Ribbit.
Prince Ribbit is moderately wounded.
Prince Ribbit hits you.
You miss Prince Ribbit.
Prince Ribbit is moderately wounded.
Prince Ribbit hits you!
You closely miss Prince Ribbit.
Prince Ribbit is moderately wounded.
Prince Ribbit hits you!
You barely miss Prince Ribbit.
Prince Ribbit is moderately wounded.
Prince Ribbit closely misses you. Prince Ribbit barely misses you.
You hit Prince Ribbit but do no damage.
Prince Ribbit is moderately wounded.
Prince Ribbit hits you!
* * * LOW HITPOINT WARNING * * *
Prince Ribbit hits you!
You die...

######### #.......#
#.#####.###########
.................>#
#.#####.##...####.#
# #.##...####.#
#.#####...........#
#.>@F.........###.#
#.....####........#
#.# #....
#......#.# #.# #...
#......#.###.## #..
########....... ..
............## #
##########..##
#...# #.#.#


You could see Prince Ribbit.

Vanquished Creatures
  Sigmund (D:2)
  A black bear (D:4)
  A sky beast (D:5)
  The ghost of sheala the Magician, an amateur DEWz (D:4)
  A water moccasin skeleton (D:5)
  A crimson imp (D:5)
  A giant frog zombie (D:4)
  2 orc priests (D:3)
  A centaur skeleton (D:4)
  4 iguanas
  4 adders
  3 gnolls (D:3)
  2 worms (D:2)
  A dart slug (D:1)
  A giant gecko (D:3)
  4 orcs
  5 giant cockroaches
  6 goblins
  5 hobgoblins
  2 jackals (D:2)
  A quokka (D:4)
  A ball python (D:1)
  12 bats
  2 giant gecko skeletons (D:4)
  5 giant newts
  A jackal skeleton (D:4)
  5 kobolds
  8 rats
82 creatures vanquished.

Notes
Turn   | Place    | Note
--------------------------------------------------------------
     0 | D:1      | Moofe the Merfolk Gladiator began the quest for the Orb.
     0 | D:1      | Reached XP level 1. HP: 16/16 MP: 1/1
     5 | D:1      | You fall through a shaft!
   154 | D:2      | Reached XP level 2. HP: 3/23 MP: 2/2
   164 | D:2      | HP: 1/23 [poisoned by an adder]
   548 | D:2      | Found an opulent altar of Gozag.
  1067 | D:2      | Reached XP level 3. HP: 28/28 MP: 3/3
  1073 | D:2      | Found an iron altar of Okawaru.
  1090 | D:2      | Noticed Sigmund
  1160 | D:1      | Reached skill level 5 in Polearms
  1820 | D:2      | Killed Sigmund
  1820 | D:2      | Reached skill level 5 in Dodging
  1820 | D:2      | Reached skill level 1 in Stealth
  1820 | D:2      | Reached XP level 4. HP: 26/35 MP: 4/4
  1820 | D:2      | Reached XP level 5. HP: 31/41 MP: 5/5
  2152 | D:3      | Reached XP level 6. HP: 47/47 MP: 6/6
  2476 | D:3      | Found a sacrificial altar of Ru.
  2863 | D:3      | Found a bloodstained altar of Trog.
  3332 | D:4      | Found Ysipeh's Weapon Shop.
  3444 | D:4      | Noticed sheala's ghost (amateur DEWz)
  3463 | D:4      | Killed sheala's ghost
  3463 | D:4      | Reached XP level 7. HP: 50/53 MP: 7/7
  4012 | D:5      | Entered Level 5 of the Dungeon
  4395 | D:5      | Reached XP level 8. HP: 61/61 MP: 8/8
  4425 | D:5      | Noticed Prince Ribbit
  4442 | D:5      | Mangled by Prince Ribbit

Skill      XL: |  1  2  3  4  5  6  7 |
---------------+----------------------+-----
Polearms       | 6 7 |  7.9
Fighting       | 3 4 |  4.4
Throwing       | 3 |  3.6
Dodging        | 5 6 7 |  7.5
Stealth        | 1 2 3 |  3.1

Action                   |  1- 3 |  4- 6 |  7- 9 || total
-------------------------+-------+-------+-------++-------
Melee: Trident           |   125 |   150 |    84 ||   359
Throw: Throwing net      |     7 |     4 |     2 ||    13
  Use: Potion            |     5 |       |       ||     5
       Scroll            |     5 |     1 |       ||     6
 Stab: Sleeping          |     5 |     3 |     3 ||    11
       Held in net/web   |     1 |     2 |     4 ||     7
  Eat: Chunk             |     2 |     4 |     4 ||    10
       Fruit             |     1 |       |       ||     1
Armor: Robe              |    20 |       |       ||    20
       Leather armour    |     7 |    49 |    13 ||    69
Dodge: Dodged            |    91 |   100 |    44 ||   235
